 Dungeon Crawl Stone Soup version 0.17-a0-977-g4154171 (webtiles) character file.

3167 oplop the Destroyer (level 9, -2/56 HPs)
             Began as a Tengu Fire Elementalist on May 11, 2015.
             Was a Believer of Vehumet.
             Slain by a troll (13 damage)
             ... on level 8 of the Dungeon.
             The game lasted 00:21:45 (7561 turns).

oplop the Destroyer (Tengu Fire Elementalist)       Turns: 7561, Time: 00:21:45

Health: -2/56      AC:  4    Str:  8    XL:     9   Next: 94%
Magic:  16/19      EV: 12    Int: 19    God:    Vehumet [**....]
Gold:   108        SH:  0    Dex: 15    Spells: 5 memorised, 5 levels left

rFire  + . .     SeeInvis +     y - +7 short sword "Trog's Brutal Revenge" {flame, rF+ rC++}
rCold  + + +     Clarity  .     p - +1 robe {MR+}
rNeg   . . .     SustAb   .     (no shield)
rPois  .         Gourm    .     (helmet restricted)
rElec  .         Spirit   .     a - +0 cloak
rCorr  .         Warding  .     (no gloves)
rMut   .         Stasis   .     (boots unavailable)
MR     +....                    (no amulet)
Stlth  ++........               E - ring of protection from cold
                                e - ring of see invisible

@: somewhat resistant to hostile enchantments, unstealthy
A: beak, talons 3, able to fly 1
a: Fly, Renounce Religion


You were on level 8 of the Dungeon.
You worshipped Vehumet.
Vehumet was pleased with you.
You were not hungry.

You visited 2 branches of the dungeon, and saw 9 of its levels.

You collected 312 gold pieces.
You spent 204 gold pieces at shops.

Inventory:

Hand weapons
 y - the +7 short sword "Trog's Brutal Revenge" (weapon) {flame, rF+ rC++}
   (You bought it in a shop on level 5 of the Dungeon)

   It has been specially enchanted to burn those struck by it, causing extra
   injury to most foes and up to half again as much damage against particularly
   susceptible opponents.
   It protects you from fire.
   It greatly protects you from cold.
 H - a +2 dagger of distortion
Armour
 a - a +0 cloak (worn)
 p - a +1 robe of magic resistance (worn)
 I - a +0 robe of positive energy
Rods
 B - a +0 lightning rod (10/10)
   (You found it on level 5 of the Dungeon)
Jewellery
 e - a ring of see invisible (left hand)
 j - an uncursed ring of sustain abilities
 w - an uncursed ring of stealth
 E - a ring of protection from cold (right hand)
Magical devices
 A - a wand of lightning (4)
 C - a wand of enslavement (13)
 F - a wand of fire (7)
Scrolls
 f - a scroll of fog
 i - 2 scrolls of remove curse
 m - a scroll of amnesia
Potions
 d - 5 potions of agility
 g - a potion of curing
 h - 2 potions of magic
 k - a potion of invisibility
 l - a potion of berserk rage
 n - a potion of heal wounds
 r - a potion of cure mutation
 s - 2 potions of poison {unknown}
 u - a potion of haste
 v - a potion of lignification {unknown}
 x - a potion of cancellation {unknown}
 D - a potion of resistance {unknown}
Books
 b - a book of Flames

   Spells                             Type                      Level
   a - Flame Tongue                   Conjuration/Fire             1
   b - Throw Flame                    Conjuration/Fire             2
   c - Conjure Flame                  Conjuration/Fire             3
   d - Inner Flame                    Hexes/Fire                   3
   e - Sticky Flame                   Conjuration/Fire             4
   f - Fireball                       Conjuration/Fire             5
Comestibles
 c - 4 bread rations
 q - 3 chunks of flesh
 t - 2 beef jerkies
 G - 5 fruits


   Skills:
 + Level 6.6 Fighting
 - Level 2.1 Dodging
 - Level 2.0 Stealth
 + Level 6.6 Spellcasting
 + Level 8.8 Conjurations
 + Level 8.2 Fire Magic


You had 5 spell levels left.
You knew the following spells:

 Your Spells              Type           Power        Failure   Level  Hunger
a - Flame Tongue          Conj/Fire      #####        1%          1    None
b - Conjure Flame         Conj/Fire      #####...     1%          3    ##.....
c - Inner Flame           Hex/Fire       ###.....     8%          3    ##.....
d - Sticky Flame          Conj/Fire      #####...     3%          4    ####...
e - Fireball              Conj/Fire      #####.....   12%         5    #####..


Dungeon Overview and Level Annotations

Branches:
Dungeon (8/15)             Temple (1/1) D:5
   Lair: D:8-11

Altars:
Ashenzari
Cheibriados
Dithmenos
Elyvilon
Fedhas
Gozag
Kikubaaqudgha
Nemelex Xobeh
Okawaru
Qazlal
Ru
Sif Muna
Trog
Vehumet
Xom
Yredelemnul
Zin

Shops:
D:5 **?

Annotations:
D:8 Erica, Grum


Innate Abilities, Weirdness & Mutations

You have a beak for a mouth.
You have claws for feet.
You can fly.


Message History

The troll barely misses you. The troll claws you.
There is a stone staircase leading up, spattered with blood here.
Unknown command.
There are monsters nearby!
There are monsters nearby!
The troll bites you! The troll claws you!
* * * LOW HITPOINT WARNING * * *
The troll closely misses you.
Found a shattered altar of Ashenzari.
An orc comes into view. It is wielding a mace.
The orc shouts!
The orc moves out of view.
Casting: Sticky Flame
Confirm with . or Enter, or press ? or * to list all spells.
Aiming: Conjure Flame
Press: ? - help, Dir - move target cursor The fire roars!
The troll is engulfed in roaring flames.
The troll bites you!
You die...

#.. #§#§###... . #..
#......... . #...
#.#.###... #... #.#.#
#.... #.#.#
###h...######.#.#
........).....#.# .#.
.........<##.##.###.._..
########.....§T@.o.#
#######.####.... #.# .
#.. ##.# .# .. #.


You could see a troll and an orc.

Vanquished Creatures
  Psyche (D:8)
  A hungry ghost (D:7)
  2 steam dragons (D:6)
  A water moccasin (D:7)
  3 wargs (D:7)
  2 wolves (D:7)
  3 orc warriors
  2 phantoms
  2 ogres (D:4)
  A centaur (D:7)
  A giant frog (D:7)
  2 scorpions
  A crimson imp (D:5)
  3 hounds
  2 iguanas
  7 orc priests
  4 giant frog skeletons
  3 orc wizards
  2 centaur skeletons
  2 worker ants
  2 hound skeletons
  2 shadow imps
  9 adders
  2 adder zombies
  3 worms
  5 giant geckos
  25 orcs
  3 ball pythons
  15 bats
  3 giant cockroaches
  9 hobgoblins
  10 jackals
  10 kobolds
  5 quokkas
  6 giant newts
  A giant spore (D:7)
  12 goblins
  A quokka skeleton (D:4)
  10 rats
  A ballistomycete (D:7)
179 creatures vanquished.

Vanquished Creatures (others)
  3 giant spores (D:7)
3 creatures vanquished.

Grand Total: 182 creatures vanquished

Notes
Turn   | Place    | Note
--------------------------------------------------------------
     0 | D:1      | oplop, the Tengu Fire Elementalist, began the quest for the Orb.
     0 | D:1      | Reached XP level 1. HP: 10/10 MP: 4/4
   242 | D:1      | Reached XP level 2. HP: 13/15 MP: 3/6
   849 | D:1      | Reached XP level 3. HP: 20/20 MP: 5/7
  1018 | D:2      | Reached skill level 1 in Fighting
  1328 | D:2      | Reached XP level 4. HP: 21/25 MP: 4/9
  1372 | D:2      | Found a bloodstained altar of Trog.
  1573 | D:2      | Reached skill level 4 in Fire Magic
  1809 | D:2      | Learned a level 3 spell: Conjure Flame
  1848 | D:3      | Learned a level 3 spell: Inner Flame
  1857 | D:3      | Noticed an orc warrior
  1915 | D:3      | Gained mutation: You can fly. [Tengu growth]
  1915 | D:3      | Reached XP level 5. HP: 27/30 MP: 5/10
  2486 | D:3      | Reached XP level 6. HP: 23/36 MP: 1/12
  2608 | D:3      | Killed an orc warrior
  2608 | D:3      | Reached skill level 5 in Fire Magic
  3107 | D:3      | Found a deep blue altar of Sif Muna.
  3395 | D:4      | Reached XP level 7. HP: 39/41 MP: 4/13
  3698 | D:4      | Found a sparkling altar of Nemelex Xobeh.
  3769 | D:4      | Reached skill level 5 in Conjurations
  3876 | D:4      | Found a shadowy altar of Dithmenos.
  3899 | D:5      | Entered Level 5 of the Dungeon
  3903 | D:5      | Found a staircase to the Ecumenical Temple.
  3922 | Temple   | Entered the Ecumenical Temple
  4119 | Temple   | Became a worshipper of Vehumet
  4152 | D:5      | Found a glowing silver altar of Zin.
  4238 | D:5      | Found a white marble altar of Elyvilon.
  4424 | D:5      | Found Korebace's Assorted Antiques.
  4434 | D:5      | Bought a twisted short sword for 176 gold pieces
  4434 | D:5      | Identified the +7 short sword "Trog's Brutal Revenge" {flame, rF+ rC++} (You bought it in a shop on level 5 of the Dungeon)
  4532 | D:5      | Found Kolaanuc's General Store.
  4710 | D:5      | Found Xem Saosu's Magic Scroll Shoppe.
  4717 | D:5      | Bought a scroll of identify for 28 gold pieces
  4783 | D:5      | Reached XP level 8. HP: 35/48 MP: 2/15
  5090 | D:6      | Reached skill level 6 in Conjurations
  5308 | D:6      | Reached skill level 5 in Spellcasting
  5842 | D:7      | Found a stormy altar of Qazlal.
  6088 | D:7      | Reached skill level 7 in Conjurations
  6094 | D:7      | Learned a level 4 spell: Sticky Flame
  6112 | D:7      | Acquired Vehumet's first power
  6112 | D:7      | Offered knowledge of Freeze by Vehumet.
  6112 | D:7      | Reached skill level 5 in Fighting
  6184 | D:7      | Reached XP level 9. HP: 42/54 MP: 11/18
  6363 | D:7      | Found a deep blue altar of Sif Muna.
  6675 | D:8      | Noticed Psyche
  6683 | D:8      | Learned a level 5 spell: Fireball
  6686 | D:8      | Noticed a white ugly thing
  6694 | D:8      | Killed Psyche
  6694 | D:8      | Reached skill level 8 in Conjurations
  6847 | D:7      | Noticed an orc warlord
  6946 | D:8      | Noticed a hill giant
  7215 | D:8      | Noticed Erica
  7243 | D:7      | Offered knowledge of Shock by Vehumet.
  7278 | D:8      | Noticed Grum
  7558 | D:8      | Found a shattered altar of Ashenzari.
  7561 | D:8      | Slain by a troll

Vault maps used:
D:1:      dpeg_arrival_brainrot, roderic_filled_cross
D:2:      old_standard_altar
D:3:      led_sif_book
D:4:      nemelex_xobeh_ov_fountains_minmay,
          nicolae_dithmenos_through_a_glass_darkly
D:5:      elyvilon_altar_4, minmay_temple_entry_grid, basic_altar, serial_shops,
          nicolae_shop_waterfront, shop, nicolae_shop_stone, first_bread,
          kennysheep_boxes
D:6:      kennysheep_steamy
D:7:      lemuel_castle_with_subvaults, lemuel_crystal_altar,
          lemuel_coloured_pillars_altar
D:8:      minmay_cut_squares, nicolae_overflow_crystal_walls, ashenzari_altar_1,
          the_bakery, minivault_26, hangedman_decor_riveting, minivault_23,
          trog_ov_bears_minmay, uniq_erica, uniq_grum, uniq_psyche
Temple:   triangle_lava_temple_11

Action                   |  1- 3 |  4- 6 |  7- 9 || total
-------------------------+-------+-------+-------++-------
Melee: Club              |     5 |       |       ||     5
       Unarmed           |    25 |     5 |       ||    30
       Dagger            |       |    14 |    27 ||    41
       Short sword       |       |       |    90 ||    90
 Cast: Flame Tongue      |    70 |    93 |    77 ||   240
       Conjure Flame     |       |     2 |    11 ||    13
       Inner Flame       |       |     2 |     2 ||     4
       Sticky Flame      |       |       |    16 ||    16
       Fireball          |       |       |     1 ||     1
Evoke: Rod               |       |       |    11 ||    11
  Use: Scroll            |     5 |       |    14 ||    19
       Potion            |       |       |     1 ||     1
 Stab: Sleeping          |       |       |     6 ||     6
       Distracted        |       |       |     1 ||     1
  Eat: Chunk             |     2 |     2 |     8 ||    12
       Beef jerky        |       |     1 |       ||     1
       Meat ration       |       |     1 |     1 ||     2
       Fruit             |       |       |     2 ||     2
       Royal jelly       |       |       |     1 ||     1
